Map: Catalyst LE

Players

NXZ - Winner!

  • Race: Zerg Zerg
  • Spawn Location: 5:00

PappiJoe

  • Race: Protoss Protoss
  • Spawn Location: 11:00

Event: WCS Valencia 2018

VOD

Have the link to the VOD?

Description

Time

  • Played on: July 12, 2018, 8:30 a.m.
  • Length: 10:42

All games in this series

Show
View Real Time Build Order
Export as new Build Order

NXZ Zerg - Winner!

Build Orders: Hatch First, Lurkers, Roach Hydra 

Get SALT Encoding   

  12  0:00  Drone  
  13  0:08  Drone  
  14  0:16  Overlord  
  14  0:22  Extractor  
  14  0:23  Drone  
  15  0:35  Drone x2  
  17  0:52  Hatchery  
  17  0:55  Drone  
  17  0:58  Drone  
  18  1:08  Extractor  
  17  1:13  Spawning Pool  
  17  1:16  Drone  
  17  1:20  Drone  
  18  1:26  Drone  
  19  1:38  Overlord  
  19  1:49  Drone  
  20  2:00  Zergling x2, Queen  
  23  2:04  Zergling x2, Queen  
  23  2:08  Metabolic Boost  
  26  2:11  Drone  
  28  2:15  Drone  
  28  2:20  Drone  
  29  2:26  Drone  
  30  2:31  Drone  
  31  2:40  Hatchery  
  31  2:43  Drone  
  31  2:48  Queen  
  33  2:53  Overlord  
  33  2:56  Zergling x2  
  35  2:58  Drone  
  35  3:00  Drone  
  36  3:07  Drone  
  36  3:15  Drone x2  
  36  3:17  Drone x4  
  36  3:18  Drone  
  43  3:20  Drone  
  43  3:25  Overlord  
  44  3:31  Overlord  
  44  3:34  Spore Crawler  
  44  3:36  Spore Crawler  
  44  3:40  Queen  
  44  3:46  Drone  
  44  3:51  Drone  
  44  3:54  Drone  
  44  3:55  Drone x2  
  47  3:57  Spore Crawler, Drone x2  
  47  3:59  Drone  
  47  4:00  Drone  
  47  4:02  Drone  
  51  4:04  Drone  
  52  4:10  Overlord  
  52  4:13  Drone  
  50  4:26  Drone x8  
  50  4:28  Lair  
  58  4:32  Roach Warren, Drone  
  58  4:35  Drone  
  58  4:36  Extractor  
  58  4:37  Extractor, Drone  
  58  4:43  Overlord  
  58  4:50  Drone x2  
  58  4:52  Evolution Chamber  
  59  4:53  Drone  
  59  4:54  Drone  
  59  4:58  Drone x5  
  66  5:01  Overlord  
  66  5:04  Drone x4  
  70  5:07  Extractor, Overlord  
  70  5:09  Queen  
  71  5:16  Roach  
  71  5:18  Zerg Missile Weapons Level 1  
  73  5:22  Roach x4  
  73  5:26  Extractor, Overseer  
  73  5:27  Glial Reconstitution  
  80  5:29  Drone x3  
  80  5:32  Roach  
  84  5:38  Roach  
  84  5:39  Roach x2  
  84  5:40  Overlord  
  84  5:41  Overlord  
  90  5:44  Overlord, Overseer  
  90  5:52  Overlord  
  90  5:59  Drone  
  90  6:00  Drone x2  
  90  6:02  Hydralisk Den  
  90  6:03  Extractor  
  90  6:04  Drone  
  90  6:05  Drone x4  
  90  6:06  Drone x2  
  90  6:11  Roach x3  
  103  6:15  Overlord  
  103  6:18  Overlord  
  103  6:20  Pneumatized Carapace  
  103  6:25  Hatchery  
  103  6:32  Grooved Spines  
  102  6:33  Drone  
  102  6:34  Lurker Den  
  102  6:36  Hydralisk x3  
  102  6:38  Hydralisk  
  110  6:49  Hydralisk x5  
  120  6:57  Queen  
  120  7:08  Drone x12  
  131  7:11  Overlord  
  132  7:16  Hydralisk  
  132  7:17  Hydralisk x2  
  132  7:20  Extractor  
  137  7:25  Overlord x2  
  137  7:26  Overlord x2  
  137  7:28  Zerg Missile Weapons Level 2  
  137  7:41  Hydralisk x6  
  137  7:43  Muscular Augments  
  149  7:51  Hydralisk  
  149  7:52  Hydralisk x4  
  159  8:04  Overlord  
  159  8:05  Lurker  
  159  8:09  Zergling x2  
  159  8:10  Zergling x24  
  173  8:14  Roach  
  173  8:15  Overlord x2  
  173  8:19  Overlord  
  171  8:30  Spine Crawler  
  171  8:31  Hydralisk  
  171  8:32  Hydralisk x5  
  182  8:42  Lurker x3  
  182  8:43  Lurker x2  
  182  8:45  Zergling x16  
  195  8:53  Hatchery  
  194  9:07  Hydralisk  
  194  9:08  Hydralisk x2, Infestation Pit  
  198  9:18  Spine Crawler, Zergling x4  
  196  9:32  Zergling x6  
  187  9:45  Hydralisk  
  152  9:46  Hydralisk x4  
  152  9:52  Spire  
  158  10:00  Zergling x22  
  158  10:01  Zergling x6  
  158  10:05  Zergling x14  
Show
View Real Time Build Order
Export as new Build Order

PappiJoe Protoss 

Build Orders: 1 Gate Expand, Oracle Opening, Phoenix Opening, Archon Immortal, Zealot Archon, Archon Drop 

Get SALT Encoding   

  12  0:00  Probe  
  13  0:12  Probe  
  14  0:18  Pylon  
  14  0:24  Probe  
  15  0:32  Probe  
  15  0:39  Gateway  
  15  0:41  Probe  
  16  0:49  Assimilator  
  17  0:52  Probe  
  18  1:04  Probe  
  19  1:16  Probe  
  20  1:27  Nexus  
  20  1:35  Cybernetics Core  
  20  1:37  Probe  
  21  1:44  Assimilator  
  21  1:49  Probe  
  21  1:53  Pylon  
  22  2:02  Probe  
  22  2:04  Adept  
  23  2:14  Probe  
  26  2:22  Stargate  
  26  2:26  Probe  
  27  2:34  Warp Gate  
  27  2:35  Probe  
  27  2:36  Adept  
  29  2:37  Probe  
  29  2:43  Probe  
  31  2:45  Probe  
  32  2:59  Probe  
  32  3:00  Probe  
  34  3:07  Probe  
  34  3:09  Oracle  
  34  3:12  Probe  
  39  3:14  Zealot  
  39  3:16  Probe  
  40  3:24  Robotics Facility, Probe  
  41  3:29  Probe  
  41  3:30  Assimilator  
  41  3:33  Assimilator  
  42  3:36  Probe  
  42  3:37  Pylon  
  43  3:41  Probe  
  43  3:48  Probe  
  45  3:55  Probe  
  46  3:56  Phoenix  
  46  3:59  Twilight Council  
  46  4:00  Probe  
  49  4:07  Pylon, Probe  
  50  4:12  Probe  
  51  4:23  Warp Prism, Probe  
  54  4:28  Probe  
  55  4:32  Gateway x2  
  55  4:34  Gateway  
  55  4:39  Templar Archives  
  55  4:45  Probe  
  56  4:57  Pylon  
  56  4:59  Nexus  
  56  5:00  Adept  
  56  5:06  Charge  
  58  5:07  Probe  
  58  5:08  Probe  
  58  5:09  Observer  
  58  5:12  Pylon  
  61  5:19  Probe  
  61  5:24  Probe  
  62  5:31  High Templar x4  
  62  5:33  Probe  
  71  5:36  Gateway x2, Probe  
  71  5:37  Archon  
  71  5:38  Archon  
  72  5:45  Probe  
  72  5:48  Probe  
  74  5:54  Immortal  
  74  5:56  Gateway  
  78  6:00  Gateway  
  78  6:07  Robotics Facility  
  80  6:11  Probe x2  
  80  6:14  Forge, Probe  
  81  6:22  Assimilator  
  81  6:23  Probe x2  
  81  6:24  Pylon  
  83  6:26  Probe  
  83  6:27  Assimilator  
  84  6:34  Immortal  
  84  6:35  Probe x2  
  84  6:38  Probe  
  91  6:46  Protoss Ground Weapons Level 1  
  91  6:47  Probe  
  91  6:48  Probe  
  91  6:50  Probe  
  93  6:55  Zealot x4, Psionic Storm  
  93  7:03  Immortal  
  93  7:10  Probe x2  
  93  7:11  Pylon  
  93  7:13  Pylon  
  93  7:15  Photon Cannon  
  99  7:16  Photon Cannon  
  99  7:18  Shield Battery  
  99  7:19  Immortal  
  99  7:22  Pylon  
  99  7:24  Sentry  
  99  7:28  Pylon  
  105  7:34  High Templar x3  
  111  7:38  Immortal, Probe  
  111  7:39  High Templar  
  114  7:45  Probe  
  114  7:46  Nexus  
  114  7:48  Pylon  
  119  7:58  Probe  
  120  8:05  High Templar x2  
  120  8:08  Zealot x2  
  120  8:09  Zealot x3  
  134  8:13  Probe x2  
  134  8:14  Assimilator  
  134  8:16  Assimilator  
  136  8:25  Observer  
  137  8:29  Zealot x2  
  141  8:34  Pylon  
  141  8:36  Pylon  
  141  8:41  High Templar x3  
  139  8:44  Pylon  
  139  8:46  Shield Battery  
  141  8:49  Shield Battery  
  141  8:52  Immortal, Probe x2  
  141  8:54  Immortal  
  151  9:00  Probe x2  
  153  9:04  Probe  
  153  9:07  High Templar, Pylon  
  153  9:08  High Templar  
  158  9:13  Archon x2  
  158  9:15  Zealot x5  
  168  9:17  Probe x3  
  168  9:18  Probe  
  162  9:26  Fleet Beacon  
  162  9:30  Zealot  
  164  9:32  Observer  
  154  9:39  Zealot x5  
  154  9:40  Zealot  
  117  9:54  Observer  
  117  9:55  Observer  
  117  9:57  Stalker x2  
  123  10:00  Stalker x6  
  135  10:11  Archon  
  119  10:23  Probe x2  
  107  10:29  Zealot x3  
  107  10:30  Zealot x2  
  107  10:31  Stalker x2  
Tags
 
Add a new tag
Caveats
  • Supply blocks, unpowered buildings, or Contaminate may cause inaccurate times.
  • Supply counts are checked every 10 seconds.